AoeStats
← LE | Emaxcito2

Glade

511995407Analyzed
1v1 RM · 10d ago on Oct 7, 2026· 45m 28s· 2 players
Game mode
Random Map
Map size
Tiny (2 player)
Population
200
Speed
Normal
Resources
Standard
Victory
Conquest
Starting age
Dark Age
Ending age
Imperial Age
RankedLock teamsTeams togetherTeam positionsShared explorationLock speedFull tech treeHidden civsTurbo modeCheats
Victory
Defeat
🇪🇸 Mongols · Spain
1874
+17
vs
🇵🇪 Italians · Peru
1900
-17
Crom
8:36 Feudal Age
7:39 Loom
14:26 Castle Age
12:40 Double-Bit Axe
13:32 Fletching
15:05 Bodkin Arrow
16:09 Crossbowman
28:34 Imperial Age
29:35 Bow Saw
34:07 Chemistry
34:23 Ballistics
35:05 Horse Collar
38:20 Bracer
40:53 Thumb Ring
41:09 Padded Archer Armor
44:42 Wheelbarrow
43:56 Town Watch
44:13 Elite Mangudai
LE | Emaxcito2
7:30 Loom
10:10 Feudal Age
14:00 Castle Age
12:20 Double-Bit Axe
13:05 Horse Collar
17:39 Loom
18:50 Fletching
21:25 Bow Saw
23:21 Wheelbarrow
24:02 Bodkin Arrow
27:42 Ballistics
28:45 Padded Archer Armor
29:51 Leather Archer Armor
37:05 Scale Barding Armor
38:15 Husbandry
40:54 Chain Barding Armor
Connection lost

Rejoining the realm…

Still unreachable

The connection could not be restored.

Session expired

The server has moved on; the page needs a fresh start.